Map: Thunderbird LE

Players

Kas

  • Race: Terran Terran
  • League: Platinum
  • Spawn Location: 11:00

Harstem - Winner!

  • Race: Protoss Protoss
  • Spawn Location: 5:00

Event: 2019 WCS Summer

VOD

Have the link to the VOD?

Description

Time

  • Played on: July 12, 2019, 11:47 a.m.
  • Length: 13:00

All games in this series

Show
View Real Time Build Order
Export as new Build Order

Kas Terran 

Build Orders: Gas First Reaper Expand 

Get SALT Encoding   

  12  0:00  SCV  
  13  0:12  SCV  
  14  0:17  Supply Depot  
  14  0:25  SCV  
  14  0:27  Refinery  
  15  0:38  SCV  
  16  0:44  Barracks  
  16  0:50  SCV  
  17  1:02  SCV  
  18  1:14  SCV  
  19  1:31  Orbital Command, Reaper  
  20  1:44  Command Center  
  20  1:57  SCV  
  20  2:00  Factory  
  21  2:07  Refinery, Barracks Reactor  
  22  2:15  SCV  
  22  2:18  Supply Depot  
  22  2:27  SCV  
  23  2:41  SCV  
  23  2:43  Starport  
  23  2:44  Marine x2  
  25  2:45  Widow Mine  
  28  2:53  SCV  
  28  2:57  Orbital Command  
  29  3:01  Marine  
  29  3:02  Marine  
  31  3:06  SCV  
  31  3:10  Widow Mine  
  34  3:19  Marine x2  
  35  3:21  Medivac  
  35  3:23  SCV  
  39  3:29  SCV  
  40  3:35  SCV  
  40  3:37  Marine x2, Widow Mine  
  45  3:41  SCV  
  45  3:43  Supply Depot  
  46  3:54  SCV  
  46  3:56  SCV  
  46  3:58  Marine  
  46  4:05  Marine  
  46  4:06  Barracks, SCV  
  46  4:08  SCV  
  49  4:10  Barracks  
  49  4:16  Starport Tech Lab  
  49  4:17  Factory Tech Lab  
  49  4:18  SCV  
  49  4:20  SCV, Supply Depot  
  49  4:23  Marine  
  52  4:26  Marine  
  52  4:30  SCV  
  54  4:32  Supply Depot  
  54  4:42  Marine, SCV  
  56  4:46  SCV  
  55  4:54  SCV  
  55  4:59  SCV  
  55  5:05  Engineering Bay  
  55  5:06  Refinery, SCV  
  54  5:07  Combat Shield  
  54  5:08  Marine x2, Stimpack, Marauder x2, Supply Depot  
  54  5:09  Factory Reactor  
  54  5:11  SCV  
  54  5:12  Starport Reactor  
  61  5:18  SCV  
  60  5:23  SCV  
  60  5:26  Marine x2  
  63  5:29  Marauder x2, Supply Depot  
  63  5:30  SCV  
  63  5:32  Supply Depot  
  63  5:33  Terran Infantry Weapons Level 1  
  63  5:34  Missile Turret  
  68  5:37  SCV  
  69  5:44  Marine  
  69  5:45  Widow Mine  
  69  5:46  Widow Mine  
  74  5:50  Medivac x2  
  74  5:52  Marauder x2  
  74  5:55  Supply Depot  
  82  6:04  Supply Depot  
  82  6:05  Marine x2  
  82  6:07  Widow Mine x2  
  88  6:14  Marauder  
  88  6:15  Marauder  
  92  6:24  Marine x2  
  94  6:26  Concussive Shells  
  94  6:27  Medivac  
  94  6:28  Widow Mine  
  94  6:29  Widow Mine, Command Center  
  94  6:32  Medivac  
  102  6:34  Supply Depot  
  102  6:35  SCV  
  102  6:37  SCV  
  104  6:41  Refinery  
  104  6:48  SCV  
  104  6:51  Barracks  
  104  6:52  Barracks  
  109  6:54  Marine, Marauder x2  
  101  7:10  Viking  
  101  7:11  Viking  
  101  7:15  SCV  
  106  7:17  SCV  
  106  7:18  Marauder x2  
  106  7:20  Starport  
  111  7:24  Supply Depot  
  111  7:25  Supply Depot  
  111  7:27  SCV  
  112  7:40  Barracks Reactor, Barracks Tech Lab  
  112  7:41  Orbital Command  
  109  7:51  Viking x2  
  109  7:53  SCV  
  109  7:54  SCV  
  109  7:57  Marauder  
  109  7:58  Marauder  
  119  8:06  SCV  
  119  8:07  SCV  
  119  8:08  Ghost Academy, SCV  
  119  8:09  Viking x2  
  119  8:11  Marauder  
  128  8:18  SCV  
  128  8:19  Marauder x2  
  133  8:22  SCV x2  
  133  8:24  Marine, Supply Depot, Terran Infantry Armor Level 1  
  136  8:32  Marauder  
  138  8:34  SCV  
  138  8:36  Viking x2  
  138  8:40  Marauder  
  138  8:41  Marauder  
  147  8:43  Marine x2  
  147  8:45  Marine x2  
  149  9:00  Marauder  
  142  9:02  Viking  
  142  9:03  Viking, Ghost  
  142  9:07  Marine, Marauder  
  151  9:13  SCV x3, Command Center  
  151  9:14  Supply Depot  
  151  9:15  Supply Depot  
  154  9:20  Marine x2  
  156  9:25  SCV  
  156  9:30  Refinery  
  156  9:31  Refinery, Armory  
  157  9:33  Engineering Bay  
  157  9:36  Marauder x3, SCV x2  
  157  9:37  Supply Depot  
  165  9:41  Marine x4  
  165  9:45  SCV  
  170  9:56  Ghost  
  170  9:57  Marine  
  173  10:06  Ghost  
  173  10:07  Marine x2  
  173  10:10  Supply Depot x2  
  173  10:12  Supply Depot  
  175  10:14  Ghost  
  177  10:28  Ghost  
  140  10:37  Viking  
  140  10:38  Viking  
  140  10:40  Marauder, Marine x2  
  140  10:41  Marine  
  143  10:44  Barracks, Marauder, SCV  
  143  10:45  Barracks, SCV, Medivac x2  
  143  10:46  Barracks  
  151  10:50  Marine  
  151  10:53  Terran Ship Weapons Level 1  
  154  10:57  Marauder  
  154  10:58  Missile Turret  
  154  10:59  Missile Turret x2  
  154  11:02  Marauder  
  154  11:03  Missile Turret  
  154  11:04  Missile Turret  
  150  11:05  Marauder  
  150  11:07  Viking  
  150  11:08  Viking  
  150  11:10  Marine  
  154  11:16  Planetary Fortress  
  154  11:19  Viking  
  154  11:22  Viking  
  158  11:27  Marauder  
  158  11:28  SCV  
  161  11:36  Marauder x2  
  161  11:37  Marine, Sensor Tower  
  166  11:48  Marauder, Missile Turret  
  168  12:00  Medivac x2  
  165  12:05  Viking x2  
  156  12:27  Marauder x2  
  156  12:28  Marauder  
Show
View Real Time Build Order
Export as new Build Order

Harstem Protoss - Winner!

Build Orders: 1 Gate Expand, Oracle Opening, Colossus Rush 

Get SALT Encoding   

  12  0:00  Probe  
  13  0:12  Probe  
  14  0:18  Pylon  
  14  0:24  Probe  
  15  0:32  Probe  
  15  0:37  Gateway  
  15  0:40  Probe  
  16  0:47  Assimilator  
  17  0:51  Probe  
  18  1:03  Probe  
  19  1:15  Probe  
  20  1:23  Nexus  
  20  1:32  Cybernetics Core  
  20  1:33  Probe  
  20  1:39  Assimilator  
  21  1:46  Pylon  
  21  1:49  Probe  
  22  1:59  Adept  
  23  2:01  Probe  
  23  2:13  Probe  
  26  2:19  Adept  
  26  2:21  Stargate  
  26  2:25  Probe  
  29  2:35  Probe  
  30  2:37  Probe  
  30  2:42  Warp Gate  
  31  2:46  Probe  
  31  2:49  Probe  
  33  2:54  Probe  
  33  2:57  Oracle  
  34  3:01  Probe  
  34  3:02  Probe, Pylon  
  39  3:13  Probe  
  39  3:14  Probe  
  41  3:26  Probe x2  
  43  3:29  Oracle  
  43  3:30  Nexus  
  43  3:38  Probe  
  43  3:40  Probe  
  46  3:50  Probe  
  46  3:53  Probe, Robotics Facility  
  48  4:02  Probe  
  49  4:04  Gateway x2  
  49  4:05  Probe  
  49  4:06  Phoenix  
  49  4:09  Pylon  
  52  4:14  Probe  
  52  4:15  Assimilator  
  53  4:18  Assimilator  
  53  4:25  Probe  
  53  4:27  Probe  
  55  4:37  Probe  
  52  4:39  Probe  
  52  4:43  Pylon  
  52  4:49  Probe  
  52  4:51  Probe  
  54  4:58  Probe  
  54  5:00  Robotics Bay  
  54  5:02  Forge  
  54  5:03  Probe  
  54  5:05  Immortal  
  54  5:06  Probe  
  60  5:07  Probe  
  62  5:14  Probe  
  62  5:15  Probe  
  62  5:16  Sentry  
  62  5:17  Zealot x2, Probe  
  71  5:21  Pylon  
  71  5:22  Probe  
  71  5:25  Probe  
  71  5:27  Probe  
  73  5:30  Probe  
  73  5:33  Probe, Colossus, Pylon  
  75  5:39  Probe  
  77  5:45  Pylon  
  77  5:47  Probe  
  77  5:48  Sentry  
  81  5:50  Protoss Ground Weapons Level 1  
  81  5:53  Photon Cannon  
  88  5:58  Gateway  
  88  5:59  Gateway  
  88  6:00  Gateway  
  88  6:01  Probe  
  88  6:02  Probe  
  88  6:03  Probe  
  89  6:13  Probe, Colossus  
  89  6:14  Probe, Assimilator  
  89  6:16  Extended Thermal Lance  
  89  6:18  Pylon  
  91  6:30  Zealot x3  
  103  6:33  Shield Battery  
  103  6:34  Pylon  
  103  6:42  Assimilator  
  103  6:43  Probe  
  103  6:45  Shield Battery  
  104  6:49  Probe  
  104  6:52  Stalker  
  104  6:53  Stalker x2  
  111  6:54  Twilight Council  
  111  6:55  Sentry  
  111  6:57  Probe x2  
  115  7:04  Colossus  
  115  7:11  Probe  
  115  7:13  Photon Cannon  
  116  7:18  Forge  
  116  7:19  Pylon  
  122  7:23  Stalker  
  122  7:26  Pylon  
  122  7:28  Pylon x2  
  124  7:32  Pylon  
  124  7:35  Pylon  
  124  7:38  Pylon  
  124  7:39  Blink  
  122  7:45  Stalker x3  
  128  7:51  Protoss Ground Armor Level 1  
  128  8:03  Probe  
  128  8:05  Protoss Ground Weapons Level 2  
  135  8:06  Stalker x3  
  141  8:18  Gateway  
  141  8:19  Templar Archives, Gateway  
  141  8:20  Pylon  
  141  8:24  Zealot x3  
  141  8:25  Probe x2  
  149  8:28  Immortal  
  149  8:32  Probe  
  145  8:39  Nexus  
  145  8:43  Zealot x2  
  145  8:46  Psionic Storm  
  145  8:55  Stalker x4  
  133  8:58  Immortal  
  125  9:06  Zealot x2  
  133  9:17  High Templar x2  
  133  9:21  Pylon  
  135  9:26  High Templar  
  135  9:27  High Templar  
  135  9:29  Zealot x4  
  135  9:30  Charge  
  147  9:32  Gateway  
  147  9:35  Gateway  
  147  9:37  Probe  
  148  9:44  Pylon  
  148  9:46  Photon Cannon  
  148  9:50  High Templar  
  149  9:58  Stalker x3, Photon Cannon  
  149  9:59  Stalker  
  157  10:00  Zealot  
  157  10:05  Protoss Ground Armor Level 2  
  156  10:07  Sentry, Zealot  
  156  10:27  Zealot x6, Colossus  
  156  10:28  Zealot x2  
  159  10:36  Archon  
  163  10:43  High Templar x2  
  163  10:47  Nexus  
  167  10:50  Zealot x2  
  167  10:51  Zealot  
  167  10:52  Pylon  
  167  10:56  Sentry  
  171  11:13  Warp Prism  
  171  11:21  Probe x2  
  171  11:22  Probe  
  176  11:27  Robotics Facility, High Templar  
  176  11:28  Robotics Facility, Pylon  
  176  11:30  Assimilator  
  176  11:31  High Templar, Gateway  
  176  11:32  Assimilator, Pylon  
  178  11:33  High Templar  
  178  11:39  Pylon  
  180  11:41  Pylon  
  180  11:46  Zealot x4  
  186  12:10  Stalker x7  
  182  12:41  Zealot x6  
  182  12:42  Zealot x4  
  190  12:52  Archon  
Tags
 
Add a new tag
Caveats
  • Supply blocks, unpowered buildings, or Contaminate may cause inaccurate times.
  • Supply counts are checked every 10 seconds.